 Dungeon Crawl Stone Soup version 0.21-a0-279-g6037ffb (webtiles) character file.

19555 tidbits the Martial Artist (level 12, -3/135 HPs)
             Began as a Grey Draconian Necromancer on Sept 23, 2017.
             Was an Elder of Cheibriados.
             Slain by a death yak (8 damage)
             ... on level 5 of the Lair of Beasts.
             The game lasted 00:58:45 (5655 turns).

tidbits the Martial Artist (DrNe)                   Turns: 5655, Time: 00:58:46

Health: -3/135     AC: 16    Str: 25    XL:     12   Next: 37%
Magic:  11/20      EV: 19    Int: 26    God:    Cheibriados [****..]
Gold:   663        SH:  0    Dex: 24    Spells: 2/22 levels left

rFire    . . .     SeeInvis .     - Unarmed
rCold    . . .     Gourm    .   (shield currently unavailable)
rNeg     . . .     Faith    .   (armour unavailable)
rPois    +         Spirit   .   (helmet restricted)
rElec    .         Reflect  .   (no cloak)
rCorr    .         Harm     +   (gloves currently unavailable)
MR       .....                  F - +1 pair of boots
Stlth    ..........             u - amulet of harm
HPRegen  0.32/turn              v - ring of poison resistance
MPRegen  0.17/turn              U - +1 ring of protection

@: berserking, blade hands, very slow
A: walk through water, unfitting armour, blink, blurry vision 1, frail 1,
unbreathing, cold-blooded, AC +13
a: End Transformation, Blink, Bend Time, Temporal Distortion, Slouch, Renounce
Religion


You were on level 5 of the Lair of Beasts.
You worshipped Cheibriados.
Cheibriados was greatly pleased with you.
You were not hungry.
You had blades for hands.
You visited 3 branches of the dungeon, and saw 17 of its levels.

You collected 663 gold pieces.

Inventory:

Hand Weapons
 n - a +0 trident
 p - a +1 short sword of holy wrath
   (You found it on level 6 of the Dungeon)
 B - a +0 dagger of venom
   (You took it off an orc wizard on level 7 of the Dungeon)
 C - a +2 scimitar of flaming
   (You took it off Erica on level 1 of the Lair of Beasts)
Missiles
 d - 62 arrows
 o - a throwing net (quivered) {!f}
Armour
 D - a +0 buckler (melded)
 F - a +1 pair of boots (worn)
Jewellery
 u - an amulet of harm (around neck)
   (You found it on level 5 of the Dungeon)
 v - a ring of poison resistance (left scythe-like blade)
   (You found it on level 6 of the Dungeon)
 z - an uncursed ring of flight
   (You found it on level 7 of the Dungeon)
 U - a +1 ring of protection (right scythe-like blade)
   (You found it on level 1 of the Lair of Beasts)
Wands
 e - a wand of iceblast (8/15)
 i - a wand of flame (28/48)
 k - a wand of lightning (4/15)
 x - a wand of disintegration (0/24)
 y - a wand of polymorph (6/24)
 J - a wand of iceblast (10/15)
 N - a wand of iceblast (9/15)
 T - a wand of confusion (13/48)
Scrolls
 c - a scroll of magic mapping {unknown}
 f - 3 scrolls of amnesia {unknown}
 m - a scroll of enchant armour
 r - 2 scrolls of remove curse
 s - 7 scrolls of teleportation
 G - a scroll of noise {unknown}
 I - 3 scrolls of recharging
 L - a scroll of fog {unknown}
 O - a scroll of blinking {unknown}
Potions
 a - a potion of magic
 h - 2 potions of flight
 l - 2 potions of resistance
 w - 9 potions of curing
 H - 2 potions of haste
 K - 2 potions of brilliance
 Q - 2 potions of might
Books
 j - a book of Callings
   (You found it on level 4 of the Dungeon)

   Spells                             Type                      Level
   a - Summon Small Mammal            Summoning                    1
   b - Call Imp                       Summoning                    2
   c - Call Canine Familiar           Summoning                    3
   d - Summon Guardian Golem          Hexes/Summoning              3
   e - Summon Lightning Spire         Summoning/Air                4
   f - Summon Ice Beast               Ice/Summoning                4
 t - a book of Changes
   (You found it on level 4 of the Dungeon)

   Spells                             Type                      Level
   a - Beastly Appendage              Transmutation                1
   b - Sticks to Snakes               Transmutation                2
   c - Spider Form                    Transmutation/Poison         3
   d - Ice Form                       Ice/Transmutation            4
   e - Blade Hands                    Transmutation                5
 E - a book of Power
   (You found it on level 9 of the Dungeon)

   Spells                             Type                      Level
   a - Iskenderun's Battlesphere      Conjuration/Charms           5
   b - Venom Bolt                     Conjuration/Poison           5
   c - Bolt of Magma                  Conjuration/Fire/Earth       5
   d - Iron Shot                      Conjuration/Earth            6
   e - Orb of Destruction             Conjuration                  7
   f - Spellforged Servitor           Conjuration/Summoning        7
 P - a book of Fire
   (You found it on level 2 of the Lair of Beasts)

   Spells                             Type                      Level
   a - Ignite Poison                  Fire/Transmutation/Poison    3
   b - Fireball                       Conjuration/Fire             5
   c - Bolt of Fire                   Conjuration/Fire             6
   d - Ring of Flames                 Charms/Fire                  7
   e - Ignition                       Fire                         8
Miscellaneous
 g - a lightning rod (4/4)
 V - a fan of gales
Comestibles
 b - 6 bread rations
 q - 13 royal jellies
 R - 5 chunks of flesh
 S - 4 fruits


   Skills:
 + Level 8.0 Fighting
 + Level 7.2 Dodging
 - Level 1.7 Stealth
 - Level 4.1 Shields
 * Level 10.9 Unarmed Combat
 - Level 5.5 Spellcasting
 - Level 5.5 Necromancy
 - Level 8.0 Transmutations
 - Level 9.0 Invocations


You had 2 spell levels left.
You knew the following spells:

 Your Spells              Type           Power        Failure   Level  Hunger
e - Beastly Appendage     Tmut           #####.       10%         1    None
h - Blade Hands           Tmut           #####.....   41%         5    #####..
k - Sticks to Snakes      Tmut           #####...     11%         2    None
n - Animate Skeleton      Necr           N/A          13%         1    None
r - Regeneration          Chrm/Necr      ###.......   38%         3    #......
v - Vampiric Draining     Necr           #####.....   22%         3    #......
z - Pain                  Necr           ####         13%         1    None
N - Animate Dead          Necr           N/A          41%         4    ###....


Dungeon Overview and Level Annotations

Branches:
Dungeon (11/15)            Temple (1/1) D:5            Lair (5/6) D:8
  Snake (0/4) Lair:3          Orc (0/2) D:9
  Swamp: Lair:2-4    Shoals: Lair:2-4     Slime: Lair:5-6

Altars:
Ashenzari
Cheibriados
Dithmenos
Elyvilon
Fedhas
Gozag
Kikubaaqudgha
Nemelex Xobeh
Okawaru
Qazlal
Ru
Sif Muna
Trog
Uskayaw
Vehumet
Wu Jian
Yredelemnul
The Shining One

Annotations:
D:3 suvakkihuora's ghost, weakling SpCK
D:9 tidbits's ghost, novice DrNe


Innate Abilities, Weirdness & Mutations

You can walk through water.
Your dull iron-grey scales are very hard. (AC +13)
You cannot fit into any form of body armour.
You can survive without breathing.
You are cold-blooded and may be slowed by cold attacks.
You can translocate small distances at will.
Scrolls take you a little longer to read.
You are frail. (-10% HP)


Message History

You tail-slap the death yak, but do no damage.
You slash the death yak, but do no damage.
The death yak is severely wounded.
The death yak misses you.
You slice the death yak!!
You kill the death yak!
Cheibriados appreciates the change of pace.
Your Dodging skill increases to level 7!
You climb downwards.
Your mindless thrall stays behind.
A bullfrog comes into view.
The death yak completely misses you. The death yak misses you.
Your adder bites the death yak but does no damage.
The death yak gores your adder!!
Your adder dies!
Your adder barely misses the death yak.
The death yak gores you.
The death yak gores you but does no damage.
Your adder bites the death yak but does no damage.
There is a stone staircase leading up here.
Unknown command.
Your adder bites the death yak.
The bullfrog barely misses your adder.
Your adder bites the death yak but does no damage.
The death yak gores you! The death yak barely misses you.
The death yak gores your adder!
Your adder dies!
Your adder bites the death yak but does no damage.
The bullfrog misses your adder. The death yak gores you.
The death yak misses you. The death yak gores you!
Found 22 bolts.
The bullfrog misses your adder.
Your adder bites the death yak but does no damage.
The bullfrog barely misses your adder.
The death yak gores you but does no damage.
Your adder bites the death yak but does no damage.
The death yak gores your adder. The death yak closely misses you.
The bullfrog hits your adder.
Your adder bites the bullfrog.
The bullfrog is poisoned.
Your adder poisons the bullfrog!
The bullfrog hits your adder.
The death yak gores your adder but does no damage.
Your adder bites the death yak but does no damage.
The death yak gores you. The bullfrog hits your adder.
Your adder dies!
The death yak gores you.
You slice the death yak!!
You tail-slap the death yak, but do no damage.
The death yak is moderately wounded.
The death yak misses you.
You slash the death yak!
You tail-slap the death yak, but do no damage.
The death yak is heavily wounded.
The death yak gores you but does no damage.
You completely miss the death yak. You tail-slap the death yak.
The death yak is heavily wounded.
The death yak gores you but does no damage.
The death yak gores you.
You hit the death yak but do no damage.
The death yak is heavily wounded.
The death yak misses you.
The death yak gores the fungus!!
The death yak gores you.
* * * LOW HITPOINT WARNING * * *
The death yak gores you!
* * * LOW HITPOINT WARNING * * *
The death yak completely misses you. The death yak gores you!
* * * LOW HITPOINT WARNING * * *
You feel much better. The death yak gores you!
* * * LOW HITPOINT WARNING * * *
The death yak gores you!!
* * * LOW HITPOINT WARNING * * *
The death yak gores you.
* * * LOW HITPOINT WARNING * * *
Your magical contamination has completely faded away.
Unknown command.
Okay, then.
Okay, then.
You don't have enough health at the moment.
Okay, then.
A red film seems to cover your vision as you go berserk!
Cheibriados thinks you should slow down.
You feel very guilty.
Cheibriados lowers the support of your attributes as your movement quickens. "You will pay for your transgression, mortal!"
Cheibriados forces you to slow down.
You feel mighty! The death yak completely misses you.
You shred the death yak!!!
You kill the death yak!
Cheibriados thoroughly appreciates the change of pace.
The bullfrog completely misses you.
You slice the death yak!! You tail-slap the death yak!
The death yak is severely wounded.
The bullfrog looks more healthy.
The bullfrog misses you.
The death yak gores you but does no damage.
The death yak gores you.
* * * LOW HITPOINT WARNING * * *
You slash the death yak!
You kill the death yak!
Cheibriados thoroughly appreciates the change of pace.
Cheibriados seems mollified.
Cheibriados restores the support of your attributes.
Your Fighting skill increases to level 8!
The bullfrog completely misses you. The death yak gores you!
You die...

.... #.... P
##....P ##
#......##### .#
#.....##...## .#
#.........P# ##
#......Y.FP# .#
##...P(.Y@..# ####
#......##P..# P...
...#....###P..##
....
...........P....
....
........<.........
....
...................
....
...................
....
...................
....
............=...


You could see 2 death yaks and a bullfrog.

Vanquished Creatures
  Erica (Lair:1)
  2 two-headed ogres
  7 death yaks
  An ugly thing (D:11)
  An oklob plant (Lair:5)
  A deep elf mage (D:9)
  Psyche (D:8)
  4 spiny frogs
  4 komodo dragons
  A troll (D:11)
  3 hippogriffs
  8 blink frogs
  2 wyverns
  10 yaks
  A vampire (D:10)
  Eustachio (D:6)
  A basilisk (Lair:1)
  A hungry ghost (D:8)
  5 porcupines
  4 water moccasins (Lair:2)
  2 orc warriors
  3 black bears
  3 phantoms
  2 sky beasts
  A necrophage (D:11)
  An ogre (D:6)
  3 ice beasts
  6 wolves
  A centaur (D:10)
  A crocodile (Lair:2)
  4 bullfrogs
  A scorpion (D:8)
  A killer bee (D:9)
  8 wights
  5 howler monkeys
  A bullfrog zombie (D:10)
  2 lava snakes (Lair:2)
  5 crimson imps
  A bullfrog skeleton (D:5)
  4 hounds
  3 orc priests
  4 jellies
  Jessica (D:2)
  2 orc wizards
  5 worker ants
  A hound skeleton (D:8)
  10 gnolls
  7 adders
  2 shadow imps
  7 oozes
  An adder zombie (D:7)
  An adder skeleton (D:9)
  6 worms
  A dart slug (D:1)
  5 leopard geckos
  14 orcs
  A giant cockroach (D:2)
  7 goblins
  6 hobgoblins
  5 kobolds (D:1)
  2 quokkas
  5 bats
  9 frilled lizards
  8 rats
227 creatures vanquished.

Vanquished Creatures (collateral kills)
  4 blink frogs
  A slime creature (D:11)
  A yak (Lair:3)
  A bullfrog (Lair:2)
  3 killer bees (D:9)
  A wight (D:8)
  An electric eel (Lair:3)
  A hound (D:9)
  A leopard gecko (D:2)
  9 orcs
  A quokka (D:6)
  A fungus (Lair:1)
25 creatures vanquished.

Vanquished Creatures (others)
  2 fungi (Lair:2)
  3 plants
5 creatures vanquished.

Grand Total: 257 creatures vanquished

Notes
Turn   | Place    | Note
-------+----------+-------------------------------------------
     0 | D:1      | tidbits the Draconian Necromancer began the quest for the Orb.
     0 | D:1      | Reached XP level 1. HP: 14/14 MP: 3/3
   157 | D:1      | Reached XP level 2. HP: 15/20 MP: 3/5
   161 | D:1      | Learned a level 1 spell: Animate Skeleton
   528 | D:1      | Reached XP level 3. HP: 18/26 MP: 4/6
   533 | D:1      | Learned a level 3 spell: Vampiric Draining
   899 | D:2      | Noticed Jessica
   904 | D:2      | Killed Jessica
   904 | D:2      | Reached skill level 5 in Necromancy
   904 | D:2      | Reached XP level 4. HP: 31/33 MP: 5/8
  1001 | D:2      | Reached skill level 3 in Spellcasting
  1191 | D:2      | Learned a level 3 spell: Regeneration
  1265 | D:3      | Noticed suvakkihuora's ghost (weakling SpCK)
  1381 | D:4      | Reached XP level 5. HP: 31/38 MP: 0/10
  1391 | D:4      | Found a shattered altar of Ashenzari.
  1485 | D:4      | Learned a level 1 spell: Beastly Appendage
  1500 | D:5      | Entered Level 5 of the Dungeon
  1523 | D:4      | Noticed a phantom
  1568 | D:4      | Killed a phantom
  1568 | D:4      | Reached skill level 2 in Transmutations
  1642 | D:5      | Reached XP level 6. HP: 37/45 MP: 3/11
  1748 | D:4      | Reached skill level 3 in Transmutations
  1805 | D:4      | Reached skill level 4 in Spellcasting
  1835 | D:5      | Found a staircase to the Ecumenical Temple.
  1843 | Temple   | Entered the Ecumenical Temple
  1867 | Temple   | Became a worshipper of Cheibriados the Contemplative
  1871 | Temple   | Learned a level 2 spell: Sticks to Snakes
  1911 | D:5      | Reached skill level 4 in Transmutations
  2052 | D:6      | Found a bloodstained altar of Trog.
  2076 | D:6      | Your scales start taking on a dull iron-grey colour.
  2076 | D:6      | Reached XP level 7. HP: 47/50 MP: 13/13
  2076 | D:6      | Gained mutation: You can survive without breathing. [Grey Draconian growth]
  2188 | D:6      | Reached skill level 5 in Spellcasting
  2188 | D:6      | Reached skill level 5 in Transmutations
  2208 | D:6      | Noticed Eustachio
  2264 | D:7      | Found a deep blue altar of Sif Muna.
  2273 | D:7      | Reached * piety under Cheibriados
  2278 | D:7      | Found an ornate altar of the Wu Jian Council.
  2298 | D:6      | Killed Eustachio
  2298 | D:6      | Reached skill level 1 in Fighting
  2298 | D:6      | Reached skill level 2 in Dodging
  2298 | D:6      | Reached skill level 2 in Unarmed Combat
  2358 | D:8      | Noticed a two-headed ogre
  2377 | D:8      | Killed a two-headed ogre
  2377 | D:8      | Reached skill level 3 in Fighting
  2377 | D:8      | Reached skill level 3 in Dodging
  2377 | D:8      | Reached skill level 4 in Unarmed Combat
  2377 | D:8      | Reached XP level 8. HP: 31/66 MP: 1/15
  2497 | D:8      | Reached skill level 5 in Unarmed Combat
  2554 | D:8      | Found a staircase to the Lair.
  2560 | D:8      | Reached skill level 4 in Fighting
  2577 | D:8      | Reached skill level 4 in Dodging
  2603 | D:8      | Reached XP level 9. HP: 61/71 MP: 6/16
  2631 | D:8      | Reached skill level 6 in Unarmed Combat
  2779 | D:7      | Reached ** piety under Cheibriados
  2871 | D:9      | Found a hide-covered altar of Uskayaw.
  2871 | D:9      | Noticed a dagger
  2871 | D:9      | Noticed a dagger
  2871 | D:9      | Noticed a deep elf mage
  2941 | D:9      | Killed a deep elf mage
  2941 | D:9      | Reached skill level 5 in Fighting
  2941 | D:9      | Reached skill level 7 in Unarmed Combat
  2990 | D:9      | Noticed tidbits's ghost (novice DrNe)
  3034 | D:9      | Reached skill level 5 in Dodging
  3105 | D:9      | Noticed a two-headed ogre
  3115 | D:9      | Killed a two-headed ogre
  3115 | D:9      | Reached skill level 6 in Fighting
  3115 | D:9      | Reached skill level 8 in Unarmed Combat
  3127 | D:9      | Reached XP level 10. HP: 53/83 MP: 2/17
  3139 | D:9      | Learned a level 4 spell: Animate Dead
  3141 | D:9      | Found a staircase to the Orcish Mines.
  3189 | D:10     | Entered Level 10 of the Dungeon
  3264 | D:9      | Reached *** piety under Cheibriados
  3332 | D:8      | Noticed Psyche
  3337 | D:8      | Killed Psyche
  3337 | D:8      | Reached skill level 9 in Unarmed Combat
  3372 | D:8      | Reached skill level 6 in Dodging
  3544 | D:10     | Reached skill level 2 in Invocations
  3566 | D:10     | Reached skill level 3 in Invocations
  3724 | D:11     | Reached skill level 4 in Invocations
  3751 | D:11     | Noticed a purple ugly thing
  3768 | D:11     | Killed a purple ugly thing
  3768 | D:11     | Reached **** piety under Cheibriados
  3768 | D:11     | Reached skill level 5 in Invocations
  3819 | D:11     | Reached skill level 6 in Invocations
  4140 | D:9      | Reached skill level 7 in Invocations
  4219 | Lair:1   | Entered Level 1 of the Lair of Beasts
  4252 | Lair:1   | Noticed a spiny frog
  4260 | Lair:1   | Killed a spiny frog
  4316 | Lair:1   | Reached skill level 1 in Shields
  4367 | Lair:1   | Noticed Erica
  4382 | Lair:1   | Killed Erica
  4382 | Lair:1   | Reached skill level 3 in Shields
  4382 | Lair:1   | Reached XP level 11. HP: 84/91 MP: 7/19
  4395 | Lair:1   | Reached skill level 4 in Shields
  4489 | Lair:1   | Reached skill level 8 in Invocations
  4546 | Lair:1   | Reached ***** piety under Cheibriados
  4546 | Lair:1   | Reached skill level 9 in Invocations
  4553 | Lair:1   | Learned a level 5 spell: Blade Hands
  4779 | Lair:3   | Noticed a death yak
  4780 | Lair:3   | Reached skill level 6 in Transmutations
  4785 | Lair:3   | Noticed a death yak
  4785 | Lair:3   | Noticed a death yak
  4793 | Lair:2   | Killed a death yak
  4793 | Lair:2   | Reached skill level 7 in Transmutations
  4905 | Lair:2   | HP: 7/91 [death yak (22)]
  5176 | Lair:3   | Found a staircase to the Snake Pit.
  5214 | Lair:3   | Reached skill level 8 in Transmutations
  5323 | Lair:3   | Noticed a death yak
  5361 | Lair:3   | Gained mutation: Scrolls take you a little longer to read. [potion of mutation]
  5361 | Lair:3   | Gained mutation: You are frail. (-10% HP) [potion of mutation]
  5361 | Lair:3   | Gained mutation: You can translocate small distances at will. [potion of mutation]
  5378 | Lair:3   | Reached skill level 7 in Fighting
  5418 | Lair:3   | Noticed a death yak
  5422 | Lair:3   | Noticed a death yak
  5425 | Lair:3   | Killed a death yak
  5425 | Lair:3   | Reached skill level 10 in Unarmed Combat
  5425 | Lair:3   | Reached XP level 12. HP: 88/90 MP: 9/20
  5427 | Lair:3   | Killed a death yak
  5433 | Lair:3   | Killed a death yak
  5577 | Lair:5   | Found a stormy altar of Qazlal.
  5628 | Lair:5   | Noticed a death yak
  5628 | Lair:5   | Noticed a death yak
  5628 | Lair:5   | Noticed a death yak
  5628 | Lair:5   | Noticed a death yak
  5631 | Lair:5   | Noticed a death yak
  5638 | Lair:4   | Killed a death yak
  5638 | Lair:4   | Reached skill level 7 in Dodging
  5651 | Lair:5   | HP: 7/90 [death yak (24)]
  5652 | Lair:5   | Was placed under penance by Cheibriados
  5653 | Lair:5   | Killed a death yak
  5655 | Lair:5   | Killed a death yak
  5655 | Lair:5   | Was forgiven by Cheibriados
  5655 | Lair:5   | Reached skill level 8 in Fighting
  5655 | Lair:5   | Slain by a death yak

Vault maps used:
D:1:      eino_arrival_cavern_a
D:2:      minmay_pentomino_t4, uniq_jessica
D:3:      uniq_ijyb, uniq_natasha, uniq_robin
D:4:      nicolae_ashenzari_panopticon, uniq_blork_the_orc
D:5:      minmay_temple_entry_mist, first_bread
D:6:      lemuel_round_altar, basic_altar, minmay_curled_crystal, uniq_eustachio
D:7:      nicolae_overflow_hidden_temple, minmay_misc_feat_plants,
          lemuel_tele_altar
D:8:      grunt_temple_overflow_champion_of_chaos, lair_entry_dummy, uniq_psyche
D:9:      dancing_weapons_uskayaw, david_orc_2
D:10:     uniq_snorg
D:11:     enter_bailey_7, hangedman_little_slice_of_home
Temple:   minmay_temple_bridge_abc
Lair:1:   nicolae_quartered_pool_super, serial_bayou_lagoon_a, minmay_holes,
          nicolae_lair_grove_arrangements, uniq_erica
Lair:2:   st_stairs_9, disabler_island
Lair:3:   minmay_swamp_entry_eels, dummy_snake_entry, st_stairs_9,
          beast_lair_carwin_1, grunt_megastairs_4, lemuel_fruit_fields,
          serial_bayou_shore_a
Lair:4:   minivault_19
Lair:5:   slime_dummy, lemuel_oklob_altar

Skill      XL: |  1  2  3  4  5  6  7  8  9 10 11 12 |
---------------+-------------------------------------+-----
Necromancy     | 5 |  5.5
Spellcasting   | 3 4 5 |  5.5
Transmutations | 2 4 5 8 |  8.0
Fighting       | 3 4 6 7 8 |  8.0
Dodging        | 3 4 5 6 7 |  7.2
Unarmed Combat | 4 5 8 9 10 | 10.9
Invocations    | 7 9 |  9.0
Shields        | 3 4 |  4.1
Stealth        | |  1.7

Action                   |  1- 3 |  4- 6 |  7- 9 | 10-12 || total
-------------------------+-------+-------+-------+-------++-------
Melee: Club              |    16 |       |       |       ||    16
       Unarmed           |     1 |       |   145 |   290 ||   436
       Dagger            |     7 |     8 |       |       ||    15
       Tailslap          |     3 |     8 |    19 |    56 ||    86
       Trident           |       |    76 |       |       ||    76
       Headbutt          |       |     8 |     6 |    56 ||    70
       Short sword       |       |     2 |    42 |       ||    44
       Punch             |       |       |     6 |    17 ||    23
 Cast: Pain              |    61 |    70 |    43 |    25 ||   199
       Animate Skeleton  |     2 |     3 |    10 |    21 ||    36
       Vampiric Draining |       |     4 |    16 |    20 ||    40
       Beastly Appendage |       |    11 |     3 |    20 ||    34
       Regeneration      |       |     4 |     9 |    23 ||    36
       Sticks to Snakes  |       |     2 |    11 |    26 ||    39
       Animate Dead      |       |       |       |     7 ||     7
       Blade Hands       |       |       |       |    18 ||    18
Invok: Slouch            |       |       |       |     3 ||     3
       Temporal Distorti |       |       |       |     1 ||     1
 Abil: End Transformatio |       |       |       |     1 ||     1
Evoke: Wand              |       |       |       |    16 ||    16
  Use: Potion            |     2 |     2 |     2 |     5 ||    11
       Scroll            |       |     4 |     4 |    11 ||    19
 Stab: Sleeping          |       |     2 |       |     1 ||     3
       Invisible         |       |       |     2 |       ||     2
       Distracted        |       |       |     3 |     4 ||     7
  Eat: Chunk             |     2 |     5 |     7 |    13 ||    27
Armor: Skin              |     3 |    33 |    85 |    99 ||   220
Dodge: Dodged            |    16 |    44 |   144 |   276 ||   480
Block: Buckler           |       |       |       |    22 ||    22

Table legend:
 A = Spawn XP
 B = Non-spawn XP
 C = Spawn XP percentage of total XP
 D = Spawn monster count
 E = Non-spawn monster count
 F = Spawn count percentage of total count
 G = Total turns spent on level
                    A         B        C        D         E        F      G
               +---------+---------+-------+---------+---------+-------+---------
         Total |       0 |   27936 |   0.0 |       0 |     251 |   0.0 |  5655
               +---------+---------+-------+---------+---------+-------+---------
           D:1 |       0 |      42 |   0.0 |       0 |      23 |   0.0 |   698
           D:2 |       0 |     105 |   0.0 |       0 |      27 |   0.0 |   542
           D:3 |       0 |       2 |   0.0 |       0 |       2 |   0.0 |    37
           D:4 |       0 |     391 |   0.0 |       0 |       9 |   0.0 |   459
           D:5 |       0 |     179 |   0.0 |       0 |       5 |   0.0 |   257
           D:6 |       0 |     535 |   0.0 |       0 |      12 |   0.0 |   246
           D:7 |       0 |     287 |   0.0 |       0 |       9 |   0.0 |   185
           D:8 |       0 |    3045 |   0.0 |       0 |      35 |   0.0 |   621
           D:9 |       0 |    2560 |   0.0 |       0 |      30 |   0.0 |   434
          D:10 |       0 |    1053 |   0.0 |       0 |      16 |   0.0 |   320
          D:11 |       0 |    1672 |   0.0 |       0 |      18 |   0.0 |   370
        Lair:1 |       0 |    5069 |   0.0 |       0 |      19 |   0.0 |   568
        Lair:2 |       0 |    2821 |   0.0 |       0 |      14 |   0.0 |   365
        Lair:3 |       0 |    6369 |   0.0 |       0 |      24 |   0.0 |   307
        Lair:4 |       0 |    1256 |   0.0 |       0 |       3 |   0.0 |   159
        Lair:5 |       0 |    2550 |   0.0 |       0 |       5 |   0.0 |    37
               +---------+---------+-------+---------+---------+-------+---------

Table legend:
 A = Turns spent in this place as a percentage of turns spent in the entire game.
 B = Non-inter-level travel turns spent in this place as a percentage of non-inter-level travel turns spent in the entire game.
 C = Inter-level travel turns spent in this place as a percentage of turns spent in this place.
 D = Turns resting spent in this place as a percentage of non-inter-level travel turns spent in this place.
 E = Turns spent auto-exploring this place as a percentage of non-inter-level travel turns spent in this place.
 F = Non-inter-level travel turns spent in this place divided by the number of levels of this place that you've seen.
                   A       B       C       D       E      F
               +-------+-------+-------+-------+-------+----------------------
         Total | 100.0 | 100.0 |   2.0 |   0.1 |   0.0 | 326.0
       Dungeon |  73.7 |  73.7 |   2.0 |   0.0 |   0.0 | 371.4
        Temple |   0.9 |   0.9 |   0.0 |   0.0 |   0.0 |  50.0
          Lair |  25.4 |  25.4 |   2.0 |   0.3 |   0.0 | 281.4
               +-------+-------+-------+-------+-------+----------------------

Table legend:
 A = Kills in this place as a percentage of kills in entire the game.
 B = Kills by you in this place as a percentage of kills by you in the entire game.
 C = Kills by friends in this place as a percentage of kills by friends in the entire game.
 D = Other kills in this place as a percentage of other kills in the entire game.
 E = Experience gained in this place as a percentage of experience gained in the entire game.
 F = Experience gained in this place divided by the number of levels of this place that you have seen.
                   A       B       C       D       E      F
               +-------+-------+-------+-------+-------+----------------------
         Total | 100.0 | 100.0 | 100.0 |   N/A | 100.0 | 1643.3
       Dungeon |  74.1 |  74.4 |  70.8 |   N/A |  35.3 | 897.4
          Lair |  25.9 |  25.6 |  29.2 |   N/A |  64.7 | 3613.0
               +-------+-------+-------+-------+-------+----------------------

Vault maps used:
D:1:      eino_arrival_cavern_a
D:2:      minmay_pentomino_t4, uniq_jessica
D:3:      uniq_ijyb, uniq_natasha, uniq_robin
D:4:      nicolae_ashenzari_panopticon, uniq_blork_the_orc
D:5:      minmay_temple_entry_mist, first_bread
D:6:      lemuel_round_altar, basic_altar, minmay_curled_crystal, uniq_eustachio
D:7:      nicolae_overflow_hidden_temple, minmay_misc_feat_plants,
          lemuel_tele_altar
D:8:      grunt_temple_overflow_champion_of_chaos, lair_entry_dummy, uniq_psyche
D:9:      dancing_weapons_uskayaw, david_orc_2
D:10:     uniq_snorg
D:11:     enter_bailey_7, hangedman_little_slice_of_home
Temple:   minmay_temple_bridge_abc
Lair:1:   nicolae_quartered_pool_super, serial_bayou_lagoon_a, minmay_holes,
          nicolae_lair_grove_arrangements, uniq_erica
Lair:2:   st_stairs_9, disabler_island
Lair:3:   minmay_swamp_entry_eels, dummy_snake_entry, st_stairs_9,
          beast_lair_carwin_1, grunt_megastairs_4, lemuel_fruit_fields,
          serial_bayou_shore_a
Lair:4:   minivault_19
Lair:5:   slime_dummy, lemuel_oklob_altar
